[Event "Lozovatsky Memorial-A 2019"]
[Site "Chelyabinsk"]
[Date "2019.01.18"]
[Round "7"]
[White "Drygalov, Andrey"]
[Black "Gutenev, Alexander"]
[Result "1/2-1/2"]
[ECO "B67"]
[WhiteElo "2485"]
[BlackElo "2456"]
[Annotator "RC"]
[PlyCount "51"]
[EventDate "2019.01.12"]
[EventType "tourn"]
[EventCountry "RUS"]
[SourceTitle "playchess.com"]
[Source "ChessBase"]
[SourceQuality "1"]
[TimeControl "5400+30"]

1. e4 c5 2. Nf3 Nc6 3. d4 cxd4 4. Nxd4 Nf6 5. Nc3 d6 6. Bg5 e6 7. Qd2 a6 8. O-O-O Bd7 9. f4 h6 10. Bh4 Nxe4 11. Qe1 Nf6 12. Nf5 Qa5 13. Nxd6+ Bxd6 14. Rxd6 O-O-O 15. Qd2 Qc7 16. Be2 Ne7 17. Rd1 Nf5 18. Bxf6 gxf6 19. Rd3 Bc6 20. g3 Rxd3 21. Qxd3 Rd8 22. Qxd8+ Qxd8 23. Rxd8+ Kxd8 24. Kd2 Ke7 25. Nd1 Nd6 26. Ne3 1/2-1/2

[Event "Lozovatsky Memorial-A 2019"]
[Site "Chelyabinsk"]
[Date "2019.01.18"]
[Round "7"]
[White "Slizhevsky, Alexander"]
[Black "Korneev, Oleg"]
[Result "0-1"]
[ECO "C67"]
[WhiteElo "2428"]
[BlackElo "2545"]
[Annotator "ChessBase"]
[PlyCount "142"]
[EventDate "2019.01.12"]
[EventType "tourn"]
[EventCountry "RUS"]
[SourceTitle "playchess.com"]
[Source "ChessBase"]
[SourceQuality "1"]
[TimeControl "5400+30"]

1. e4 e5 2. Nf3 Nc6 3. Bb5 Nf6 4. O-O Nxe4 5. d4 Nd6 6. Bxc6 dxc6 7. dxe5 Nf5 8. Qxd8+ Kxd8 9. h3 Ke8 10. Nc3 h5 11. Ne2 Be7 12. Bg5 Be6 13. Nf4 Bd5 14. Nxd5 cxd5 15. Rad1 c6 16. Rd3 h4 17. Re1 Bxg5 18. Nxg5 Ke7 19. Rf3 g6 20. g4 hxg3 21. fxg3 Rh5 22. h4 Rxg5 23. hxg5 Nd4 24. Rd3 Ne6 25. Red1 Rh8 26. c4 d4 27. Rb3 Rb8 28. c5 Nxc5 29. Ra3 Rd8 30. Rxa7 Rd7 31. Kg2 Ke6 32. Kf3 Kxe5 33. Rc1 Kd5 34. b4 Ne4 35. Ke2 Re7 36. Kd3 Nc3 37. Ra5+ b5 38. Ra6 Re3+ 39. Kd2 Ne4+ 40. Kc2 d3+ 41. Kb2 Re2+ 42. Kb3 Kd4 43. Ra7 Nd2+ 44. Kb2 Nc4+ 45. Kb1 d2 46. Rd7+ Ke3 47. Re7+ Kf2 48. Rxf7+ Kg2 49. Rd1 Ne3 50. Re7 Kf2 51. Rxe3 Kxe3 52. Kc2 Rg2 53. Rf1 Ke2 54. Rd1 Kf3 55. Rf1+ Rf2 56. Rh1 Kg4 57. Rh4+ Kxg5 58. Rd4 d1=Q+ 59. Kxd1 Rxa2 60. Kc1 Rg2 61. Rd6 Rxg3 62. Rxc6 Rf3 63. Kd2 Rf4 64. Rc5+ Rf5 65. Rc6 Kh5 66. Ke3 g5 67. Rc5 Kg4 68. Rc1 Rf4 69. Rg1+ Kf5 70. Rb1 g4 71. Rc1 Re4+ 0-1